 Dungeon Crawl Stone Soup version 0.32-a0-586-gd5c3ca0 (webtiles) character file.

Game seed: 16303271250965668092

48 Remcycle the Shield-Bearer (level 4, -7/37 HPs)
             Began as a Formicid Fighter on Mar 2, 2024.
             Engulfed by a cloud of flame (13 damage)
             ... on level 2 of the Dungeon.
             The game lasted 00:02:46 (1207 turns).

Remcycle the Shield-Bearer (Formicid Fighter)       Turns: 1207, Time: 00:02:47

Health: -7/37      AC:  7    Str: 23    XL:     4   Next: 0%
Magic:  4/4        EV: 14    Int:  7    God:
Gold:   98         SH:  5    Dex: 13    Spells: 3/3 levels left

rFire   . . .        a - +0 war axe
rCold   . . .        c - +0 buckler
rNeg    . . .        b - +0 scale mail
rPois   .            (helmet unavailable)
rElec   .            (no cloak)
rCorr   .            (no gloves)
SInv    +            (no boots)
Will    .....        (no amulet) Stlth
                     g - +5 ring of evasion
HPRegen 0.26/turn    (no ring)
MPRegen 0.09/turn

%: no passive effects
@: no status effects
A: permanent stasis, dig shafts and tunnels, antennae 3, four strong arms
a: Dig, Shaft Self


You were on level 2 of the Dungeon.
You visited 1 branch of the dungeon, and saw 2 of its levels.

You collected 98 gold pieces.

Inventory:

Hand Weapons
 a - a +0 war axe (weapon)
Armour
 b - a +0 scale mail (worn)
 c - a +0 buckler (worn)
Jewellery
 g - a +5 ring of evasion (left hand)
 j - a ring of magical power
Scrolls
 e - 2 scrolls of teleportation {unknown}
 f - a scroll of revelation {unknown}
 k - a scroll of silence {unknown}
 m - 2 scrolls of identify {unknown}
 n - 2 scrolls of blinking {unknown}
Potions
 d - a potion of might
 h - a potion of berserk rage {unknown}
 i - 2 potions of curing {unknown}
 l - a potion of resistance {unknown}
 o - a potion of enlightenment {unknown}


   Skills:
 + Level 3.8 Fighting
 + Level 2.5 Axes
 + Level 3.8 Armour
 + Level 4.6 Shields


You had 3 spell levels left.
You didn't know any spells.
Your spell library contained the following spells:

 Spells                   Type           Power      Damage    Failure   Level
 Ensorcelled Hibernation  Hex/Ice        0%         N/A       91%         2
 Fugue of the Fallen      Necr           0%         N/A       99%         3
 Hailstorm                Conj/Ice       0%         3d5       99%         3
 Summon Ice Beast         Ice/Summ       0%         N/A       99%         3
 Anguish                  Hex/Necr       0%         N/A       100%        4
 Leda's Liquefaction      Alch/Erth      0%         N/A       100%        4
 Lee's Rapid Deconstruct  Erth           0%         3d4*      100%        5
 Bombard                  Conj/Erth      0%         9d1       100%        6
 Sculpt Simulacrum        Ice/Alch       0%         N/A       100%        6


Dungeon Overview and Level Annotations

Branches:
Dungeon (2/15)

Altars:


Innate Abilities, Weirdness & Mutations

You cannot be hasted, slowed, berserked, paralysed or teleported.
You can dig through walls and to a lower floor.
You have a pair of large antennae on your head. (SInv)
Your four strong arms can wield two-handed weapons with a shield.


Message History

i - 2 black potions (gained 1)
There is a stone staircase leading down here.
You sense a monster nearby.
o - a fuming orange potion A frilled lizard comes into view.
The frilled lizard hisses angrily.
The frilled lizard misses you.
You miss the frilled lizard. You block the frilled lizard's attack.
You miss the frilled lizard.
The frilled lizard bites you but does no damage.
You barely miss the frilled lizard.
The frilled lizard bites you but does no damage.
You block the frilled lizard's attack.
You slash the frilled lizard!
You kill the frilled lizard!
You have reached level 4!
You feel stronger.
Found an escape hatch in the ceiling.
There is an escape hatch in the ceiling here.
You now have 86 gold pieces (gained 8).
Found 3 javelins and a ring mail.
You now have 98 gold pieces (gained 12).
Found a flail.
Found 9 stones.
You're in a travel-excluded area, stopping explore.
You start waiting.
A rat comes into view.
A rat is nearby!
The rat squeaks loudly.
A rat comes into view.
You are engulfed in blazing flames.
The rat squeaks loudly.
You are engulfed in blazing flames.
You are engulfed in blazing flames.
* * * LOW HITPOINT WARNING * * *
The rat misses you.
You barely miss the rat. You slash the rat!
You kill the rat!
You are engulfed in blazing flames.
You die...

### ..# #.# ..#
########## .##
##........# ..#
#...#####.# ..# #§○°# #.#
..# #§§§# #.# ..# #○@☼#
#.# ..# #.r.#####.#
..########. ..?[?.§☼○..#
>..........§§§.)(...§§..#
....######..§§.($.?§§§..#
###.# ######...#####.# #
#.####### #§§§#
#.######### ###..†....#
#.§§# #..........
....####### ###########


You could see a rat.

Vanquished Creatures
  6 bats
  5 endoplasms
  3 goblins
  6 hobgoblins
  2 quokkas (D:1)
  7 ball pythons
  6 frilled lizards
  3 kobolds
  7 rats
45 creatures vanquished.

Notes
Turn   | Place    | Note
-------+----------+-------------------------------------------
     0 | D:1      | Remcycle the Formicid Fighter began the quest for the Orb.
     0 | D:1      | Reached XP level 1. HP: 18/18 MP: 1/1
   129 | D:1      | Reached XP level 2. HP: 24/24 MP: 2/2
   413 | D:1      | Reached XP level 3. HP: 29/29 MP: 3/3
  1095 | D:2      | Reached XP level 4. HP: 37/37 MP: 4/4
  1207 | D:2      | Engulfed by a cloud of flame

Illustrated notes

Levels and vault maps discovered:
D:1:      nicolae_arrival_memento_mori, layout_basic
D:2:      layout_loops_ring, lemuel_flame_loot_1

Action                     |  1- 3 |  4- 6 || total
---------------------------+-------+-------++-------
  Melee: War axe           |   115 |     1 ||   116
 Armour: Scale mail        |    69 |     4 ||    73
  Dodge: Dodged            |    86 |     1 ||    87
  Block: Buckler           |    32 |       ||    32

Table legend: (Time is in decaauts)
 A = Elapsed time spent in this place.
 B = Non-inter-level travel time spent in this place.
 C = Inter-level travel time spent in this place.
 D = Time resting spent in this place.
 E = Time spent auto-exploring this place.
 F = Levels seen in this place.
 G = Mean time per level.
                   A        B        C        D        E       F      G
               +--------+--------+--------+--------+--------+-----+--------+
         Total |   1254 |   1213 |     41 |      3 |    875 |   2 |  627.0 |
       Dungeon |   1254 |   1213 |     41 |      3 |    875 |   2 |  627.0 |
               +--------+--------+--------+--------+--------+-----+--------+

Top non-repeatable levels by time:
     D:1: 871 daAuts
     D:2: 382 daAuts
